 Dungeon Crawl Stone Soup version 0.29.1-15-g9cfb28693d (webtiles) character file.

Game seed: 922271265420953520

23 BeingJoeMalik the Cudgeller (level 2, 0/17 HPs)
             Began as a Tengu Gladiator on Mar 31, 2023.
             Frozen to death by an endoplasm (4 damage)
             ... on level 1 of the Dungeon.
             The game lasted 00:01:23 (874 turns).

BeingJoeMalik the Cudgeller (Tengu Gladiator)        Turns: 874, Time: 00:01:23

Health: 0/17       AC:  3    Str: 14    XL:     2   Next: 95%
Magic:  3/3        EV: 12    Int:  8    God:
Gold:   40         SH:  0    Dex: 15    Spells: 1/1 levels left

rFire   . . .      SeeInvis .   a - +0 flail
rCold   . . .      Faith    .   (no shield)
rNeg    . . .      Spirit   .   b - +0 leather armour
rPois   .          Reflect  .   c - +0 hat
rElec   .          Harm     .   (no cloak)
rCorr   .          Rampage  .   (no gloves)
Will    .....                   (boots unavailable)
Stlth   +.........              (no amulet)
HPRegen 0.05/turn               (no ring)
MPRegen 0.08/turn               (no ring)

@: no status effects
A: beak, talons 3
a: no special abilities


You were on level 1 of the Dungeon.
You visited 1 branch of the dungeon, and saw 1 of its levels.

You collected 40 gold pieces.

Inventory:

Hand Weapons
 a - a +0 flail (weapon)
Missiles
 d - 3 throwing nets (quivered)
 e - a javelin
Armour
 b - a +0 leather armour (worn)
 c - a +0 hat (worn)
Scrolls
 i - a scroll of identify {unknown}
 j - a scroll of teleportation {unknown}
 m - a scroll of magic mapping {unknown}
Potions
 f - a potion of might {unknown}
 g - 2 potions of ambrosia {unknown}
 h - a potion of degeneration {unknown}
 k - a potion of brilliance {unknown}
 l - a potion of cancellation {unknown}
 n - a potion of curing {unknown}


   Skills:
 - Level 2.0 Fighting
 + Level 4.4 Maces & Flails
 - Level 2.0 Throwing
 - Level 3.2 Dodging


You had one spell level left.
You didn't know any spells.
Your spell library was empty.

Dungeon Overview and Level Annotations

Branches:
Dungeon (1/15)

Altars:


Innate Abilities, Weirdness & Mutations

You have a beak for a mouth.
You have claws for feet.


Message History

There is an open door here.
There is an open door here.
A goblin comes into view. It is wielding a +0 club.
A frilled lizard comes into view.
Found a fuming white potion.
Found 12 gold pieces.
The frilled lizard hisses angrily.
The goblin barely misses you.
An endoplasm comes into view.
You sock the goblin!
You kill the goblin!
You see here a +0 club.
You miss the frilled lizard.
The frilled lizard bites you but does no damage.
You closely miss the frilled lizard. Your peck misses the frilled lizard.
The frilled lizard bites you.
You hit the endoplasm but do no damage.
You peck the endoplasm, but do no damage.
The frilled lizard bites you. The endoplasm freezes you.
You are frozen.
The frilled lizard barely misses you. The endoplasm hits you.
You hit the endoplasm. You claw the endoplasm.
You peck the endoplasm, but do no damage.
The endoplasm is severely wounded.
The endoplasm barely misses you. The frilled lizard bites you.
You hit the endoplasm but do no damage.
You claw the endoplasm, but do no damage.
The endoplasm is severely wounded.
The endoplasm closely misses you. The frilled lizard bites you.
* * * LOW HITPOINT WARNING * * *
You hit the endoplasm.
The endoplasm is almost dead.
The endoplasm hits you.
* * * LOW HITPOINT WARNING * * *
The frilled lizard closely misses you.
You hit the endoplasm but do no damage.
The endoplasm is almost dead.
The endoplasm freezes you.
You are frozen.
You die...

####+## #......
######### #......
#.......######
#......##
#.......##...)
#.....$..
+.......##.###
........#
#.......##.###
#....###.......##.#..
+...).............'..
#...@#>###.##.....#..
#...lJ.# #..'.....+.)
#......# ####.....#..
##.....# #.)...#..
#....## #.....#..
#....# #.....###
..!..#######.....#
................###
#######...#


You could see an endoplasm and a frilled lizard.

Vanquished Creatures
  2 dart slugs (D:1)
  A bat (D:1)
  3 endoplasms (D:1)
  2 goblins (D:1)
  A quokka (D:1)
  2 ball pythons (D:1)
  2 frilled lizards (D:1)
  3 kobolds (D:1)
  2 rats (D:1)
18 creatures vanquished.

Notes
Turn   | Place    | Note
-------+----------+-------------------------------------------
     0 | D:1      | BeingJoeMalik the Tengu Gladiator began the quest for the
                  | Orb.
     0 | D:1      | Reached XP level 1. HP: 12/12 MP: 2/2
   222 | D:1      | Reached XP level 2. HP: 8/17 MP: 3/3
   401 | D:1      | Reached skill level 4 in Maces & Flails
   532 | D:1      | Found a faded altar of an unknown god.
   874 | D:1      | Frozen to death by an endoplasm

Illustrated notes

Levels and vault maps discovered:
D:1:      minmay_arrival_up_and_down, layout_basic,
          shapermc_ecumenical_altar_venn

Skill      XL: |  1  2 |
---------------+-------+-----
Maces & Flails | 4 |  4.4
Fighting       | |  2.0
Throwing       | |  2.0
Dodging        | |  3.2

Action                   || total
-------------------------++-------
Melee: Flail             ||    38
       Kick              ||     8
       Peck              ||     6
 Stab: Sleeping          ||     1
Armor: Leather armour    ||     5
Dodge: Dodged            ||    21
